 Dungeon Crawl Stone Soup version 0.30-a0-696-g2367cd04db (webtiles) character file.

Game seed: 1965545583477985402

910 Lobster4 the Conjurer (level 8, -3/60 HPs)
             Began as a Human Conjurer on Jan 21, 2023.
             Killed from afar by a white imp (6 damage)
             ... with a puff of frost
             ... on level 5 of the Dungeon.
             The game lasted 00:13:37 (5163 turns).

Lobster4 the Conjurer (Human Conjurer)              Turns: 5163, Time: 00:13:38

Health: -3/60      AC:  2    Str:  9    XL:     8   Next: 30%
Magic:  6/14       EV: 12    Int: 20    God:
Gold:   185        SH:  0    Dex: 11    Spells: 12/15 levels left

rFire   . . .      SeeInvis .    p - +3 short sword (venom)
rCold   . . .      Faith    .    (no shield)
rNeg    . . .      Spirit   .    a - +0 robe
rPois   .          Reflect  .    (no helmet)
rElec   .          Harm     .    (no cloak)
rCorr   .          Rampage  .    (no gloves)
Will    .....                    (no boots)
Stlth   ++                       (no amulet)
HPRegen 0.30/turn                (no ring)
MPRegen 0.14/turn                (no ring)

@: no status effects
A: no striking features
a: no special abilities


You were on level 5 of the Dungeon.
You visited 1 branch of the dungeon, and saw 5 of its levels.
You also visited: Sewer.

You collected 185 gold pieces.

Inventory:

Hand Weapons
 f - a +0 dagger
 h - a +1 war axe of venom
 j - a +0 quarterstaff
 m - a +0 mace
 n - a +2 heavy sling
 p - a +3 short sword of venom (weapon)
Missiles
 q - 24 poisoned darts
 y - 5 boomerangs
 D - 2 curare-tipped darts
Armour
 a - a +0 robe (worn)
 e - a +0 leather armour
 l - a +0 ring mail
 B - an orb of energy
Jewellery
 A - a ring of ice
Wands
 z - a wand of roots (1)
Scrolls
 c - 2 scrolls of poison
 g - a scroll of blinking {unknown}
 k - 2 scrolls of fog {unknown}
 r - a scroll of immolation
 s - a scroll of magic mapping
 t - a scroll of enchant weapon
 v - a scroll of brand weapon {unknown}
 x - a scroll of teleportation
Potions
 b - a potion of magic
 d - a potion of might {unknown}
 i - 3 potions of mutation {unknown}
 o - a potion of curing
 u - 2 potions of cancellation
 w - a potion of invisibility {unknown}
 C - 3 potions of haste {unknown}


   Skills:
 + Level 3.7 Fighting
 + Level 2.3 Ranged Weapons
 - Level 3.0 Armour
 - Level 3.0 Dodging
 - Level 2.0 Stealth
 + Level 4.0 Spellcasting
 + Level 5.5 Conjurations
 + Level 2.7 Evocations


You had 12 spell levels left.
You knew the following spells:

 Your Spells              Type           Power      Damage    Failure   Level
a - Magic Dart            Conj           100%       1d8       1%          1
b - Searing Ray           Conj           52%        2d6       1%          2

Your spell library contained the following spells:

 Spells                   Type           Power      Damage    Failure   Level
 Dazzling Flash           Conj/Hex       30%        N/A       12%         3
 Apportation              Tloc           8%         N/A       13%         1
 Necrotise                Necr           16%        1d4       13%         1
 Summon Small Mammal      Summ           16%        N/A       13%         1
 Cigotuvi's Dreadful Rot  Necr/Pois/Air  8%         N/A       19%         2
 Kindle Blastsparks       Fire/Tloc/Air  8%         2d10      36%         3
 Fulminant Prism          Conj/Hex       7%         3d7       38%         4
 Iskenderun's Mystic Bla  Conj/Tloc      15%        2d5       38%         4
 Dispel Undead            Necr           4%         3d7       77%         4
 Lee's Rapid Deconstruct  Erth           2%         3d4*      98%         5
 Death Channel            Necr           2%         N/A       100%        6


Dungeon Overview and Level Annotations

Branches:
Dungeon (5/15)              Sewer (visited)
 Temple: D:4-7

Altars:
Elyvilon
Makhleb
Nemelex Xobeh
Wu Jian
Zin

Shops:
D:4 =

Annotations:
D:5 Pikel


Message History

You hit the white imp.
The white imp is moderately wounded.
The white imp closely misses you. The lemure hits you!
* * * LOW HITPOINT WARNING * * *
You completely miss the white imp.
The white imp is moderately wounded.
The white imp shouts, "Away with thee, thou mewling dismal-dreaming boar-pig!"
The white imp barely misses you. The lemure closely misses you.
You closely miss the white imp.
The white imp is moderately wounded.
The white imp misses you. The lemure hits you but does no damage.
Casting: Searing Ray (safe; 1% risk of failure)
Confirm with . or Enter, or press ? or * to list all spells.
Aiming: Searing Ray (safe; 1% risk of failure)
Press: ? - help, Shift-Dir - straight line, f - lemure
Aim: a lemure (lightly wounded, poisoned, 74% to hit)
The searing ray hits the lemure!
The lemure is heavily wounded. (Press . to maintain the ray.)
The white imp barely misses you. The lemure hits you!
* * * LOW HITPOINT WARNING * * *
The lemure attacks as you move away! The lemure hits you but does no damage.
The white imp hits you.
* * * LOW HITPOINT WARNING * * *
The white imp freezes you.
* * * LOW HITPOINT WARNING * * *
Things that are here:
a +0 giant club; an ogre corpse The white imp barely misses you.
You feel better. The white imp closely misses you.
The lemure hits you but does no damage.
Okay, then.
The white imp attacks as you move away! The white imp barely misses you.
The white imp attacks as you move away! The white imp hits you.
* * * LOW HITPOINT WARNING * * *
The white imp freezes you.
* * * LOW HITPOINT WARNING * * *
The white imp gestures at you. The puff of frost hits you.
You die...

.# #............# #♣♣..♣#.#....
.# #............# #.....'.P.~P~
.####............# #.....#.~~~~♣
........÷........# #.....'.~~♣♣♣
.#####...........# #.....#.~♣♣ .#
#....)......# #..(..#..~♣♣♣ .#
#.......###.# #.....#.~~♣~P
.######.##.......####.....##...~~
................@.5)..........>~.
#######.##......#.5......##..,,+.
#..+....)..........#*.#**#.
####............?..#*,* #.
*#...............#*,** #.
******#................#.,,* #.
*,,,,..........#######.#..,* #.
*,,,.....~P....# *.#..,* #.
*,,......~.....# *,#...* #.


You could see a lemure (poisoned) and a white imp.

Vanquished Creatures
  A wyvern (D:4)
  An ogre (D:5)
  3 kobold brigands (Sewer)
  2 necrophages
  A jelly (D:4)
  3 hounds
  2 iguanas
  An orc wizard (D:4)
  3 gnolls (D:4)
  3 adders
  An ufetubus (D:4)
  2 worms
  2 dart slugs (D:1)
  4 orcs
  4 bats
  4 endoplasms
  9 giant cockroaches
  4 goblins
  7 hobgoblins
  2 jackals (D:1)
  5 quokkas
  7 ball pythons
  A frilled lizard (D:1)
  22 kobolds
  9 rats
103 creatures vanquished.

Vanquished Creatures (others)
  44 plants
44 creatures vanquished.

Grand Total: 147 creatures vanquished

Notes
Turn   | Place    | Note
-------+----------+-------------------------------------------
     0 | D:1      | Lobster4 the Human Conjurer began the quest for the Orb.
     0 | D:1      | Reached XP level 1. HP: 13/13 MP: 3/3
   171 | D:1      | Reached XP level 2. HP: 20/20 MP: 1/5
   396 | D:1      | Learned a level 2 spell: Searing Ray
   449 | D:1      | Reached XP level 3. HP: 25/25 MP: 1/6
   454 | D:1      | Reached skill level 1 in Armour
   518 | D:1      | Reached skill level 1 in Fighting
  1031 | D:2      | Reached XP level 4. HP: 26/32 MP: 1/7
  1721 | D:2      | Found a faded altar of an unknown god.
  2407 | D:3      | Found a white marble altar of Elyvilon.
  2501 | D:3      | Found a faded altar of an unknown god.
  2503 | D:3      | Noticed a necrophage
  2518 | D:3      | Killed a necrophage
  2519 | D:3      | Reached XP level 5. HP: 38/38 MP: 1/9
  2587 | D:3      | Found a sparkling altar of Nemelex Xobeh.
  3055 | D:4      | Reached XP level 6. HP: 41/44 MP: 1/10
  3236 | D:4      | Found Wythreof's Jewellery Boutique.
  3699 | D:4      | Found a burning altar of Makhleb.
  3728 | D:4      | Noticed a balrug
  3734 | D:4      | Found a glowing silver altar of Zin.
  3734 | D:4      | Noticed an angel
  3769 | D:4      | Found an ornate altar of the Wu Jian Council.
  4024 | D:4      | Reached skill level 1 in Evocations
  4132 | D:5      | Entered Level 5 of the Dungeon
  4173 | D:5      | Reached XP level 7. HP: 38/51 MP: 2/11
  4177 | D:5      | Noticed a wyvern
  4199 | D:4      | Killed a wyvern
  4200 | D:4      | Reached skill level 1 in Ranged Weapons
  4200 | D:4      | Reached skill level 5 in Conjurations
  4370 | D:5      | Found a glowing drain.
  4371 | D:5      | Noticed Pikel
  4378 | Sewer    | Entered a sewer
  4544 | Sewer    | Reached XP level 8. HP: 11/58 MP: 2/13
  5159 | D:5      | HP: 1/60 [white imp (3)]
  5163 | D:5      | Killed from afar by a white imp

Illustrated notes

Levels and vault maps discovered:
D:1:      eino_arrival_tree_alley, layout_basic
D:2:      layout_loops_corners, ebering_ecumenical_altar_box,
          grunt_decor_fettered
D:3:      layout_basic, elyvilon_altar_4, nicolae_overflow_ecumenical_swirl
D:4:      layout_cave_pools, nicolae_wu_jian_immortal_techniques,
          grunt_temple_overflow_order_and_chaos_2, chequers_garden,
          minmay_shop_enchanted_jewellery, kennysheep_generic_room_7
D:5:      layout_basic, serial_bayou, serial_bayou_crossing,
          serial_bayou_pond_c, serial_bayou_pond_c, serial_bayou_lake_a,
          portal_sewer_entry_f, uniq_crazy_yiuf_cottage, uniq_pikel

Skill      XL: |  1  2  3  4  5  6  7  8 |
---------------+-------------------------+-----
Armour         | 1 2 3 |  3.0
Fighting       | 1 2 3 |  3.7
Dodging        | 3 |  3.0
Spellcasting   | 3 4 |  4.0
Evocations     | 1 2 |  2.7
Ranged Weapons | 1 2 |  2.3
Conjurations   | 5 |  5.5
Stealth        | |  2.0

Action                   |  1- 3 |  4- 6 |  7- 9 || total
-------------------------+-------+-------+-------++-------
Melee: Dagger            |     4 |       |       ||     4
       Quarterstaff      |    23 |       |       ||    23
       Short sword       |     4 |    17 |    37 ||    58
       Punch             |       |       |     1 ||     1
 Cast: Magic Dart        |    42 |    58 |    22 ||   122
       Searing Ray       |     2 |    17 |    16 ||    35
  Use: Scroll            |       |     5 |     6 ||    11
       Potion            |       |       |     4 ||     4
 Stab: Sleeping          |     1 |       |       ||     1
Armor: Robe              |    10 |     4 |    13 ||    27
Dodge: Dodged            |    36 |    24 |    64 ||   124

Table legend: (Time is in decaauts)
 A = Elapsed time spent in this place.
 B = Non-inter-level travel time spent in this place.
 C = Inter-level travel time spent in this place.
 D = Time resting spent in this place.
 E = Time spent auto-exploring this place.
 F = Levels seen in this place.
 G = Mean time per level.
                   A        B        C        D        E       F      G
               +--------+--------+--------+--------+--------+-----+--------+
         Total |   5206 |   5005 |    201 |    688 |   3453 |   6 |  867.7 |
       Dungeon |   4580 |   4379 |    201 |    512 |   3123 |   5 |  916.0 |
         Sewer |    626 |    626 |      0 |    176 |    330 |   1 |  626.0 |
               +--------+--------+--------+--------+--------+-----+--------+

Top non-repeatable levels by time:
     D:2: 1202 daAuts
     D:4: 1144 daAuts
     D:3: 1059 daAuts
     D:1: 797 daAuts
   Sewer: 626 daAuts
     D:5: 375 daAuts
